 Dungeon Crawl Stone Soup version 0.26-a0-850-g97a50ab700 (webtiles) character file.

Game seed: 11738197521368561724

2069 snetch the Thaumaturge (level 9, 0/42 HPs)
             Began as a Deep Elf Conjurer on Nov 20, 2020.
             Was a Believer of Hepliaklqana.
             Slain by a hornet (15 damage)
             ... on level 7 of the Dungeon.
             The game lasted 00:26:25 (6396 turns).

snetch the Thaumaturge (Deep Elf Conjurer)          Turns: 6396, Time: 00:26:30

Health: 0/42       AC: 11    Str:  4    XL:     9   Next: 5%
Magic:  18/23      EV: 12    Int: 27    God:    Hepliaklqana [**....]
Gold:   283        SH:  0    Dex: 13    Spells: 15/25 levels left

rFire    + . .     SeeInvis .   g - staff of fire
rCold    + . .     Faith    .   (no shield)
rNeg     . . .     Spirit   .   L - +3 leather armour {rC+}
rPois    .         Reflect  .   a - +0 helmet
rElec    .         Harm     .   N - +1 cloak
rCorr    .         Rampage  .   p - +0 pair of gloves
MR       .....     Rnd*Tele +   (no boots)
Stlth    +++.......             v - amulet of inaccuracy (curse)
HPRegen  0.14/turn              c - ring of teleportation (curse)
MPRegen  0.18/turn              (no ring)

@: lethally poisoned (0 -> -3), slowed, very slow
A: reduced essence
a: Recall Ancestor, Ancestor Identity, Renounce Religion


You were on level 7 of the Dungeon.
You worshipped Hepliaklqana.
Hepliaklqana was pleased with you.
You visited 2 branches of the dungeon, and saw 8 of its levels.

You collected 283 gold pieces.

Inventory:

Hand Weapons
 f - a +0 dagger
 r - a +3 whip
 x - a +0 short sword
Missiles
 e - 28 bolts
 h - 236 stones (quivered)
 j - 26 sling bullets
 k - 151 arrows
 n - 7 boomerangs
 y - 5 poisoned darts
 C - a throwing net
 D - 8 javelins
Armour
 a - a +0 helmet (worn)
 p - a +0 pair of gloves (worn)
 L - a +3 leather armour of cold resistance (worn)
 N - a +1 cloak (worn)
Magical Staves
 g - an uncursed staff of fire (weapon)
Jewellery
 c - a cursed ring of teleportation (left hand)
 v - a cursed amulet of inaccuracy (around neck)
 J - an uncursed amulet of magic regeneration {unknown}
Wands
 B - a wand of iceblast (5)
Scrolls
 l - a scroll of random uselessness
 m - 6 scrolls of teleportation {unknown}
 w - a scroll of magic mapping
 z - 5 scrolls of remove curse {unknown}
 E - 3 scrolls of blinking
 F - a scroll of fear
Potions
 b - 7 potions of curing {unknown}
 d - 6 potions of lignification {unknown}
 q - a potion of berserk rage
 s - 2 potions of flight
 t - 3 potions of attraction
 u - 4 potions of heal wounds
 A - a potion of haste
 H - a potion of cancellation
 I - a potion of brilliance
 K - a potion of degeneration


   Skills:
 + Level 1.5 Fighting
 + Level 3.9 Armour
 + Level 3.9 Dodging
 + Level 4.9 Stealth
 + Level 8.6 Spellcasting
 + Level 8.2 Conjurations
 * Level 4.9 Hexes


You had 15 spell levels left.
You knew the following spells:

 Your Spells              Type           Power        Failure   Level
a - Magic Dart            Conj           ####         1%          1
b - Searing Ray           Conj           ######       1%          2
c - Dazzling Flash        Conj/Hex       #####.       1%          3
d - Fulminant Prism       Conj/Hex       #####.....   5%          4

Your spell library contained the following spells:

 Spells                   Type           Power        Failure   Level
 Foxfire                  Conj/Fire      ####         1%          1
 Conjure Flame            Conj/Fire      ######..     4%          3
 Inner Flame              Hex/Fire       #####...     9%          3
 Iskenderun's Mystic Bla  Conj/Tloc      ####....     16%         4
 Sticky Flame             Conj/Fire      ######..     16%         4
 Fireball                 Conj/Fire      ######....   38%         5


Dungeon Overview and Level Annotations

Branches:
Dungeon (7/15)             Temple (1/1) D:5

Altars:
Ashenzari
Cheibriados
Dithmenos
Elyvilon
Fedhas
Gozag
Hepliaklqana
Kikubaaqudgha
Makhleb
Nemelex Xobeh
Okawaru
Qazlal
Ru
Sif Muna
Trog
Uskayaw
Vehumet
Xom
Zin
The Shining One


Message History

Teicuih gestures at the hornet while chanting.
The puff of frost misses the hornet.
You can move again.
You feel sick. The hornet stings you.
You feel yourself slow down.
Teicuih closely misses the hornet.
The hornet closely misses you.
Unknown command.
You feel sick. The hornet barely misses you.
Teicuih closely misses the hornet.
The hornet stings you.
You feel as though you will be slow longer.
Unknown command.
Casting: Searing Ray (safe; 1% risk of failure)
Confirm with . or Enter, or press ? or * to list all spells.
Aiming: Searing Ray (safe; 1% risk of failure)
Press: ? - help, Shift-Dir - straight line, f/p - hornet
Aim: a hornet The searing ray hits the hornet.
The hornet is lightly wounded. (Press . to maintain the ray.)
The hornet stings you!
You die...

...............##
........รท<.......
............^..#.
#####...######.#
#...# # .. #.#.#
....####...###
#.....R....#
##.@y.#.###
#.........#
##..#......#
.......<...#
............#
#.##.###.....# ..$
#. ###..... ## ..
#####.# #


You could see the friendly Teicuih the battlemage and a hornet.

Vanquished Creatures
  Grinder (D:5)
  Eustachio (D:6)
  Menkaure (D:6)
  An orc warrior (D:6)
  A phantom (D:7)
  An ogre (D:4)
  A centaur (D:7)
  The ghost of Sun the Chopper, an amateur DsGl (D:3)
  2 bullfrogs (D:6)
  A scorpion (D:3)
  A howler monkey (D:6)
  A centaur zombie (D:6)
  3 jellies (D:3)
  3 orc wizards
  2 hounds
  2 iguanas (D:6)
  Natasha (thrice) (D:3)
  A worker ant (D:4)
  4 gnolls
  A howler monkey skeleton (D:4)
  10 adders
  8 oozes (D:3)
  An adder zombie (D:7)
  2 adder skeletons
  A worm (D:3)
  3 dart slugs
  4 leopard geckos
  14 orcs
  A ball python (D:2)
  7 giant cockroaches
  8 goblins
  7 hobgoblins
  4 jackals (D:1)
  18 kobolds
  A quokka (D:6)
  7 bats
  7 frilled lizards
  11 rats
146 creatures vanquished.

Vanquished Creatures (collateral kills)
  2 bullfrogs
  An orc priest (D:6)
  An orc wizard (D:6)
  A worker ant (D:6)
  A white imp (D:5)
  An ufetubus (D:6)
  An ooze (D:4)
  An adder skeleton (D:6)
  4 orcs
  A goblin (D:4)
14 creatures vanquished.

Vanquished Creatures (others)
  An ancestor (D:4)
  3 fungi (D:3)
  8 toadstools (D:3)
12 creatures vanquished.

Grand Total: 172 creatures vanquished

Notes
Turn   | Place    | Note
-------+----------+-------------------------------------------
     0 | D:1      | snetch the Deep Elf Conjurer began the quest for the Orb.
     0 | D:1      | Reached XP level 1. HP: 10/10 MP: 6/6
   165 | D:1      | Reached XP level 2. HP: 10/15 MP: 1/8
   350 | D:1      | Learned a level 2 spell: Searing Ray
   508 | D:1      | Reached skill level 5 in Conjurations
   654 | D:1      | Reached XP level 3. HP: 19/19 MP: 5/9
   761 | D:1      | Learned a level 3 spell: Dazzling Flash
  1044 | D:2      | Reached XP level 4. HP: 22/24 MP: 4/11
  1264 | D:2      | Found an opulent altar of Gozag.
  1298 | D:2      | Learned a level 4 spell: Fulminant Prism
  1320 | D:2      | Found a bloodstained altar of Trog.
  2046 | D:2      | Reached XP level 5. HP: 28/28 MP: 9/13
  2125 | D:3      | Noticed Natasha
  2128 | D:3      | Killed Natasha
  2311 | D:3      | Noticed Natasha
  2317 | D:3      | Killed Natasha
  2456 | D:3      | Noticed Natasha
  2459 | D:3      | Killed Natasha
  2460 | D:3      | Reached skill level 5 in Spellcasting
  2499 | D:4      | Reached skill level 1 in Armour
  2613 | D:3      | Found a runed translucent gate.
  2614 | D:3      | Found a runed translucent gate.
  2614 | D:3      | Found a runed translucent gate.
  2621 | D:3      | Noticed Sun's ghost (amateur DsGl)
  2789 | D:3      | Reached XP level 6. HP: 32/33 MP: 6/15
  3265 | D:3      | Killed Sun's ghost
  3266 | D:3      | Reached XP level 7. HP: 36/37 MP: 5/17
  3447 | D:4      | Found a hazy altar of Hepliaklqana.
  3492 | D:4      | Became a worshipper of Hepliaklqana the Forgotten
  3663 | D:4      | Found a shimmering altar of Xom.
  3664 | D:4      | Found a shadowy altar of Dithmenos.
  3719 | D:4      | Reached skill level 1 in Fighting
  3719 | D:4      | Reached skill level 1 in Hexes
  4027 | D:5      | Entered Level 5 of the Dungeon
  4439 | D:4      | Found a sacrificial altar of Ru.
  4441 | D:4      | Found an iron altar of Okawaru.
  4491 | D:4      | Reached * piety under Hepliaklqana
  4959 | D:5      | Noticed Grinder
  4961 | D:5      | Paralysed by Grinder for 7 turns
  4977 | D:5      | Killed Grinder
  4978 | D:5      | Reached XP level 8. HP: 38/38 MP: 10/20
  5087 | D:6      | Noticed Eustachio
  5093 | D:6      | Killed Eustachio
  5339 | D:5      | Found a staircase to the Ecumenical Temple.
  5345 | Temple   | Entered the Ecumenical Temple
  5565 | D:6      | Reached ** piety under Hepliaklqana
  5566 | D:6      | Remembered your ancestor Teicuih as a battlemage
  5946 | D:6      | Noticed Menkaure
  5953 | D:6      | Killed Menkaure
  6116 | D:7      | Reached XP level 9. HP: 21/42 MP: 12/23
  6393 | D:7      | Paralysed by a hornet for 1 turns
  6396 | D:7      | Slain by a hornet

Illustrated notes

Levels and vault maps discovered:
D:1:      lightli_arrival_noodles, layout_basic, minmay_tall_x
D:2:      layout_basic, lemuel_doored_altar, overflow_temple_1_default,
          minivault_25
D:3:      cheibrodos_fertilizer, layout_basic, gammafunk_ghost_split,
          uniq_natasha
D:4:      corexii_shack_village, layout_basic, overflow_temple_1_default,
          nicolae_overflow_hidden_temple
D:5:      layout_gridville, minmay_temple_entry_enclosed_plants, uniq_grinder
D:6:      layout_loops_ring, uniq_menkaure, uniq_eustachio
D:7:      layout_loops_cross, basic_altar, gammafunk_ghost_arena
Temple:   cyrus_circular_temple

Skill      XL: |  1  2  3  4  5  6  7  8 |
---------------+-------------------------+-----
Conjurations   | 5 6 7 8 |  8.2
Spellcasting   | 4 5 6 8 |  8.6
Stealth        | 3 4 |  4.9
Armour         | 1 2 3 |  3.9
Dodging        | 3 |  3.9
Fighting       | 1 |  1.5
Hexes          | 2 4 |  4.9

Action                   |  1- 3 |  4- 6 |  7- 9 || total
-------------------------+-------+-------+-------++-------
Melee: Unarmed           |     2 |       |       ||     2
       Dagger            |     2 |     4 |       ||     6
       Whip              |       |    13 |    21 ||    34
       Staff             |       |       |     2 ||     2
 Cast: Magic Dart        |    43 |    43 |    53 ||   139
       Searing Ray       |     3 |    22 |    33 ||    58
Invok: Ancestor Identity |       |       |     1 ||     1
       Ancestor Life: Ba |       |       |     1 ||     1
       Recall Ancestor   |       |       |     1 ||     1
  Use: Scroll            |       |       |    12 ||    12
 Stab: Sleeping          |       |     2 |       ||     2
Armor: Robe              |     6 |       |       ||     6
       Leather armour    |     2 |     5 |    16 ||    23
       Ring mail         |       |       |    16 ||    16
Dodge: Dodged            |    12 |    24 |    42 ||    78

Table legend: (Time is in decaauts)
 A = Elapsed time spent in this place.
 B = Non-inter-level travel time spent in this place.
 C = Inter-level travel time spent in this place.
 D = Time resting spent in this place.
 E = Time spent auto-exploring this place.
 F = Levels seen in this place.
 G = Mean time per level.
                   A        B        C        D        E       F      G
               +--------+--------+--------+--------+--------+-----+--------+
         Total |   6416 |   6243 |    173 |    365 |   4194 |   8 |  802.0 |
       Dungeon |   6357 |   6192 |    165 |    365 |   4144 |   7 |  908.1 |
        Temple |     59 |     51 |      8 |      0 |     50 |   1 |   59.0 |
               +--------+--------+--------+--------+--------+-----+--------+

Top non-repeatable levels by time:
     D:3: 1301 daAuts
     D:4: 1180 daAuts
     D:2: 1108 daAuts
     D:1: 960 daAuts
     D:5: 871 daAuts
     D:6: 839 daAuts
     D:7: 96 daAuts
  Temple: 59 daAuts
